 Dungeon Crawl Stone Soup version 0.19-a0-475-gfca3800 (webtiles) character file.

169 namelastname112 the Vexing (level 5, 0/37 HPs)
             Began as a Vampire Enchanter on June 4, 2016.
             Slain by Natasha (4 damage)
             ... on level 2 of the Dungeon.
             The game lasted 00:05:06 (2661 turns).

namelastname112 the Vexing (Vampire Enchanter)      Turns: 2661, Time: 00:05:07

Health: 0/37       AC:  4    Str: 10    XL:     5   Next: 25%
Magic:  2/9        EV: 13    Int: 18    God:
Gold:   116        SH:  0    Dex: 15    Spells: 3 memorised, 3 levels left

rFire  . . .     SeeInvis +     r - +1 dagger (freeze)
rCold  + . .     Gourm    .     b - +1 robe
rNeg   + + .     Faith    .     (no shield)
rPois  +         Spirit   .     (no helmet)
rElec  .         Dismiss  .     (no cloak)
rCorr  .         Reflect  .     (no gloves)
SustAt .         Harm     .     n - +0 pair of boots
MR     +....                    (no amulet)
Stlth  +++.......               q - +3 ring of strength
                                p - ring of protection from magic

@: regenerating slowly, somewhat resistant to hostile enchantments, fairly
stealthy
A: fangs 3, see invisible, unbreathing
a: Bat Form


You were on level 2 of the Dungeon.
You were very thirsty.

You visited 1 branch of the dungeon, and saw 3 of its levels.

You collected 116 gold pieces.

Inventory:

Hand Weapons
 a - a +1 dagger
 r - a +1 dagger of freezing (weapon)
Armour
 b - a +1 robe (worn)
 n - a +0 pair of boots (worn)
Jewellery
 p - a ring of protection from magic (left hand)
 q - a +3 ring of strength (right hand)
Scrolls
 e - a scroll of random uselessness {unknown}
 g - a scroll of blinking {unknown}
 i - a scroll of teleportation {unknown}
 k - 2 scrolls of identify {unknown}
 l - 2 scrolls of remove curse {unknown}
 o - a scroll of noise {unknown}
Potions
 d - 13 potions of blood
 f - a potion of heal wounds {unknown}
 h - a potion of degeneration {unknown}
 j - a potion of agility
 m - a potion of curing
Books
 c - a book of Maledictions

   Spells                             Type                      Level
   a - Corona                         Hexes                        1
   b - Ensorcelled Hibernation        Hexes/Ice                    2
   c - Confuse                        Hexes                        3
   d - Tukima's Dance                 Hexes                        3
   e - Dazzling Spray                 Conjuration/Hexes            3


   Skills:
 + Level 1.3 Fighting
 + Level 2.1 Short Blades
 + Level 3.2 Dodging
 + Level 5.4 Stealth
 + Level 2.9 Spellcasting
 + Level 5.4 Hexes


You had 3 spell levels left.
You knew the following spells:

 Your Spells              Type           Power        Failure   Level  Hunger
v - Corona                Hex            ###....      1%          1    None
x - Confuse               Hex            ###.....     6%          3    ###....
z - Ensorcelled Hibernat  Hex/Ice        ##....       12%         2    ##.....


Dungeon Overview and Level Annotations

Branches:
Dungeon (3/15)

Altars:
Dithmenos
Pakellas

Annotations:
D:2 Natasha


Innate Abilities, Weirdness & Mutations

You heal slowly.
You have razor-sharp teeth.
You have supernaturally acute eyesight. (SInv)
You can survive without breathing.


Message History

You take 1 damage, and have 11/37 hp.
The jackal barely misses you. The jackal barely misses you.
There is a stone staircase leading up here.
The jackal bites you.
* * * LOW HITPOINT WARNING * * *
The jackal bites you.
* * * LOW HITPOINT WARNING * * *
The jackal bites you.
* * * LOW HITPOINT WARNING * * *
You climb upwards.
Natasha hisses angrily.
There is a stone staircase leading down here.
You take 6 damage, and have 5/37 hp.
The jackal bites you.
* * * LOW HITPOINT WARNING * * *
The jackal barely misses you.
You take 1 damage, and have 4/37 hp.
Natasha claws you.
You die...

### #####.# #.....#
#.###.# ######.# #.#
#....#.###.#
#########.##.#...#.#
...........#.###@#.#
#########..#.##.#
###..#####.......#.#
####.# ###.#.#.#.#
.....## #.#.#.#.#
......# #...#.#.#
....#.######.###.#.#


You could see Natasha and 2 jackals.

Vanquished Creatures
  Natasha (D:2)
  5 adders
  7 worms
  6 dart slugs
  3 giant geckos
  An orc (D:3)
  3 bats
  3 giant cockroaches
  6 goblins
  3 hobgoblins
  6 jackals (D:2)
  6 kobolds
  4 quokkas
  3 giant newts
  9 rats
66 creatures vanquished.

Notes
Turn   | Place    | Note
--------------------------------------------------------------
     0 | D:1      | namelastname112 the Vampire Enchanter began the quest for the Orb.
     0 | D:1      | Reached XP level 1. HP: 13/13 MP: 3/3
    64 | D:1      | epen: тормент резист или имун?
    82 | D:1      | namelastname112: на бладлессе иммун
   357 | D:1      | epen: вампир идёт как андед?
   404 | D:1      | epen: диспел андед больно бьёт?
   415 | D:1      | namelastname112: ну
   415 | D:1      | namelastname112: зависит от того, кто на тебя его кастанул
   425 | D:1      | Reached XP level 2. HP: 19/20 MP: 5/5
   426 | D:1      | epen: бля
   429 | D:1      | epen: забыл как его зовут
   432 | D:1      | Learned a level 2 spell: Ensorcelled Hibernation
   515 | D:1      | epen: он как екзекутор
   636 | D:1      | epen: только будто на него кинули камней драгоценных
   636 | D:1      | namelastname112: tzitzimitl
   655 | D:1      | epen: да
   682 | D:1      | namelastname112: ща скажу
   682 | D:1      | namelastname112: dispel undead (3d32)
   912 | D:2      | Reached XP level 3. HP: 21/25 MP: 3/6
   975 | D:2      | HP: 1/25 [poisoned by an adder]
  1115 | D:2      | Reached skill level 1 in Fighting
  1303 | D:2      | Learned a level 3 spell: Confuse
  1354 | D:2      | Reached skill level 5 in Stealth
  1385 | D:2      | Reached XP level 4. HP: 32/32 MP: 2/7
  1508 | D:2      | Found an oddly glowing altar of Pakellas.
  1539 | D:2      | Noticed Natasha
  1560 | D:2      | Reached skill level 5 in Hexes
  1564 | D:2      | Killed Natasha
  2266 | D:3      | Reached XP level 5. HP: 37/37 MP: 2/9
  2484 | D:3      | Found a shadowy altar of Dithmenos.
  2658 | D:2      | Noticed Natasha
  2661 | D:2      | Slain by Natasha

Vault maps used:
D:1:      mainiacjoe_arrival_reflecting_pool
D:2:      nicolae_overflow_crystal_walls, first_bread, uniq_natasha
D:3:      nicolae_dithmenos_through_a_glass_darkly

Skill      XL: |  1  2  3  4 |
---------------+-------------+-----
Fighting       | 1 |  1.3
Stealth        | 5 |  5.4
Hexes          | 5 |  5.4
Dodging        | 3 |  3.2
Short Blades   | 2 |  2.1
Spellcasting   | |  2.9

Action                   |  1- 3 |  4- 6 || total
-------------------------+-------+-------++-------
Melee: Dagger            |    97 |    73 ||   170
       Bite              |     7 |     2 ||     9
 Cast: Ensorcelled Hiber |    20 |    21 ||    41
       Confuse           |       |     1 ||     1
  Use: Potion            |     5 |       ||     5
 Stab: Sleeping          |    22 |    23 ||    45
Armor: Robe              |    23 |    17 ||    40
Dodge: Dodged            |    65 |    56 ||   121
